 Dungeon Crawl Stone Soup version 0.31.0-32-g396128a36d (webtiles) character file.

Game seed: 9018541638628645435

5508 TieDyeSamurai the Frost Mage (level 10, 0/80 HPs)
             Began as a Merfolk Ice Elementalist on Apr 1, 2024.
             Was an Initiate of Gozag.
             Slain by a skeletal warrior
             ... wielding a +0 mace
              (21 damage)
             ... on level 8 of the Dungeon.
             The game lasted 00:23:31 (8539 turns).

TieDyeSamurai the Frost Mage (MfIE)                 Turns: 8539, Time: 00:23:31

Health: 0/80       AC: 12    Str:  8    XL:     10   Next: 70%
Magic:  16/22      EV: 20    Int: 17    God:    Gozag
Gold:   635        SH:  5    Dex: 17    Spells: 3/13 levels left

rFire   x . .        G - melded staff of cold {!a}
rCold   + . .        (shield currently unavailable)
rNeg    . . .        u - melded +2 robe {rF+}
rPois   .            j - +0 helmet
rElec   .            (no cloak)
rCorr   .            H - +2 pair of gloves
SInv    .            (no boots)
Will    .....        x - amulet of reflection
Stlth   +            C - ring of ice
HPRegen 0.33/turn    m - ring of magical power
MPRegen 0.18/turn

%: reflection
@: ice-armoured, flux-form, gold aura, glowing
A: glow, contaminating, (nimble swimmer 2), mertail
a: Begin Untransformation, Renounce Religion, Potion Petition, Call Merchant,
Bribe Branch


You were on level 8 of the Dungeon.
You worshipped Gozag.
Gozag was pleased with you.
You were something dangerously unstable.
You visited 2 branches of the dungeon, and saw 9 of its levels.

You collected 1260 gold pieces.
You spent 590 gold pieces at shops.
You paid 35 gold pieces to Gozag.


Innate Abilities, Weirdness & Mutations

You are something dangerously unstable.
You glow with magical radiation, making you easy to see and hit.
Foes you strike become dangerously contaminated with magical radiation.
You are incapable of wielding weapons or throwing items.
((You are very nimble when in or above water. (Stealth+, EV+, Speed+++)))
Your lower body shifts to a powerful aquatic tail in water.


   Skills:
 - Level 8.0 Fighting
 + Level 7.8 Dodging
 - Level 3.0 Stealth
 - Level 8.0 Unarmed Combat
 - Level 2.0 Spellcasting
 - Level 2.0 Summonings
 - Level 9.0 Ice Magic
 - Level 0.8 Evocations
 - Level 8.0 Shapeshifting


You had 3 spell levels left.
You knew the following spells:

 Your Spells              Type           Power      Damage    Failure   Level
b - Summon Ice Beast      Ice/Summ       30%        N/A       6%          3
f - Freeze                Ice            100%       1d10      1%          1
o - Ozocubu's Armour      Ice            48%        N/A       1%          3
r - Frozen Ramparts       Ice            96%        1d15      1%          3

Your spell library contained the following spells:

 Spells                   Type           Power      Damage    Failure   Level
 Ensorcelled Hibernation  Hex/Ice        50%        N/A       4%          2
 Sting                    Conj/Alch      4%         1d3       19%         1
 Mercury Vapours          Alch/Air       2%         N/A       28%         2
 Fugue of the Fallen      Necr           1%         N/A       50%         3
 Passwall                 Erth           1%         N/A       50%         3
 Swiftness                Air            1%         N/A       50%         3
 Tukima's Dance           Hex            1%         N/A       50%         3
 Metabolic Englaciation   Hex/Ice        12%        N/A       63%         5
 Anguish                  Hex/Necr       0%         N/A       88%         4
 Dimensional Bullseye     Hex/Tloc       0%         N/A       88%         4
 Iskenderun's Mystic Bla  Conj/Tloc      1%         2d3       88%         4
 Leda's Liquefaction      Alch/Erth      0%         N/A       88%         4
 Manifold Assault         Tloc           1%         N/A       88%         4
 Olgreb's Toxic Radiance  Alch           1%         N/A       88%         4
 Petrify                  Alch/Erth      1%         N/A       88%         4

Inventory:

Hand Weapons
 e - a +0 dagger
 p - a +0 short sword of holy wrath
Missiles
 f - 13 poisoned darts
 k - a throwing net {=f}
Armour
 a - a +0 robe
 j - a +0 helmet (worn)
 l - the +2 robe of Sunlight {rCorr Str+2}
   (You found it on level 1 of the Dungeon)

   Str+2:     It affects your strength (+2).
   rCorr:     It protects you from acid and corrosion.
 u - a +2 robe of fire resistance (melded)
 H - a +2 pair of gloves (worn)
 R - +0 acid dragon scales
Magical Staves
 G - a staff of cold (melded) {!a}
Jewellery
 c - a ring of ice
 m - a ring of magical power (right hand)
 x - an amulet of reflection (around neck)
 C - a ring of ice (left hand)
 F - a ring of fire
 L - a ring of flight
 M - a ring of magical power
 P - a ring of poison resistance
Talismans
 z - a flux talisman (active)
Wands
 r - a wand of roots (27)
 B - a wand of acid (17)
 K - a wand of digging (7)
 N - a wand of polymorph (5)
 V - a wand of mindburst (19)
Scrolls
 i - 2 scrolls of noise
 n - 2 scrolls of blinking
 o - a scroll of brand weapon
 q - 4 scrolls of teleportation {@r2}
 s - 3 scrolls of fog
 t - 2 scrolls of summoning
 w - 2 scrolls of poison
 y - 2 scrolls of fear {unknown}
 A - 3 scrolls of enchant armour {unknown}
 D - 3 scrolls of revelation {unknown}
 I - a scroll of amnesia
 J - a scroll of silence {!r}
 O - 2 scrolls of vulnerability
Potions
 b - 2 potions of magic
 d - a potion of ambrosia
 g - a potion of enlightenment
 h - 8 potions of curing {@q1}
 v - 2 potions of degeneration
 E - a potion of heal wounds {@q2}
 Q - a potion of resistance
 S - a potion of berserk rage {!q}
 T - a potion of cancellation
 U - a potion of lignification
 W - a potion of mutation

Dungeon Overview and Level Annotations

Branches:
Dungeon (8/15)             Temple (1/1) D:4
   Lair: D:8-11

Altars:
Ashenzari
Cheibriados
Dithmenos
Elyvilon
Fedhas
Gozag
Hepliaklqana
Kikubaaqudgha
Makhleb
Nemelex Xobeh
Okawaru
Ru
Sif Muna
Trog
Uskayaw
Wu Jian
Xom
Yredelemnul
Zin
The Shining One

Shops:
D:1 [   D:7 **[ D:8

!? #.......)).▒.▒ .. ###
#.▒.▒.▒▒▒▒..▒.▒ .
....>#.▒▒.▒.▒.▒...▒ .
.......)))...▒▒▒▒▒.▒.▒ ▒
.......▒▒▒▒)..▒▒.▒.▒. .▒▒
........▒▒.▒▒▒▒..▒▒.▒▒..▒
..............$▒.▒.▒...
.......▒▒▒'▒▒▒z▒.▒.▒.▒▒▒▒▒▒▒
....... P... ▒Yp▒....▒P...P▒
.......▒.▒▒▒.▒....▒▒.▒)▒▒▒.▒
.......▒.▒(▒C▒.▒▒▒▒▒)).▒.'.▒
▒.▒+▒.▒...▒.▒)▒.▒▒▒.▒.+ ▒P.
.P▒.▒.▒▒..▒.....▒.# ▒▒▒
▒▒▒(▒▒▒.▒.▒▒▒▒▒▒▒.# .
..................#..
....#####..#......... ....#
#.........## '


You could see a skeletal warrior (heavy contam, ally target) and a friendly ice
beast (summoned).


Message History

You hit the skeletal warrior.
The skeletal warrior begins to glow.
The skeletal warrior is heavily damaged.
The frozen ramparts melt away.
Your ice beast hits the skeletal warrior but does no damage.
You hit the skeletal warrior but do no damage.
The skeletal warrior glows dangerously bright.
The skeletal warrior is heavily damaged.
The skeletal warrior hits you with a +0 mace!
* * * LOW HITPOINT WARNING * * *
Your ice beast hits the skeletal warrior but does no damage.
Unknown command.
You hit the skeletal warrior but do no damage.
The skeletal warrior shudders as magic cascades through it.
The skeletal warrior is severely damaged.
The skeletal warrior hits you with a +0 mace.
* * * LOW HITPOINT WARNING * * *
Your ice beast hits the skeletal warrior.
Your ice beast freezes the skeletal warrior!
The skeletal warrior resists.
You hit the skeletal warrior but do no damage.
The skeletal warrior begins to glow.
The skeletal warrior is severely damaged.
The skeletal warrior misses you.
Your ice beast barely misses the skeletal warrior.
You hit the skeletal warrior but do no damage.
The skeletal warrior glows dangerously bright.
The skeletal warrior is severely damaged.
The skeletal warrior hits you with a +0 mace!!
You die...
Your body crumbles into a pile of gold.

Skill      XL: |  1  2  3  4  5  6  7  8  9 10 |
---------------+-------------------------------+-----
Fighting       | 1 2 4 7 8 |  8.0
Ice Magic      | 5 6 7 8 9 |  9.0
Shapeshifting  | 1 3 4 7 8 |  8.0
Unarmed Combat | 1 3 5 7 8 |  8.0
Dodging        | 4 7 |  7.8
Summonings     | 1 2 |  2.0
Stealth        | 3 |  3.0
Spellcasting   | |  2.0
Evocations     | |  0.8

Action                     |  1- 3 |  4- 6 |  7- 9 | 10-12 || total
---------------------------+-------+-------+-------+-------++-------
  Melee: Dagger            |    49 |       |       |       ||    49
         Punch             |     3 |     6 |     5 |       ||    14
         Short sword       |    46 |   173 |       |       ||   219
         Staff             |       |       |    84 |       ||    84
         Tailslap          |       |       |     1 |       ||     1
         Unarmed           |       |       |    74 |    72 ||   146
   Cast: Freeze            |    21 |    24 |    12 |       ||    57
         Frozen Ramparts   |       |    11 |    28 |    11 ||    50
         Ozocubu's Armour  |       |     5 |    13 |     5 ||    23
         Summon Ice Beast  |       |       |    18 |     7 ||    25
    Use: Scroll            |       |       |    11 |     4 ||    15
   Stab: Sleeping          |     6 |     4 |     1 |       ||    11
         Distracted        |     1 |       |     2 |       ||     3
 Armour: Robe              |    52 |    65 |    55 |       ||   172
         Skin              |       |       |    31 |    38 ||    69
  Dodge: Dodged            |    64 |    81 |    92 |    37 ||   274
  Block: Other             |    10 |    33 |    32 |     5 ||    80
         Reflection        |       |     1 |     1 |       ||     2
   Form: Flux              |       |       |     1 |       ||     1

Levels and vault maps discovered:
D:1:      minmay_arrival_checkered_box, layout_basic, serial_curves,
          eino_curves_03, eino_curves_01, serial_shops,
          nicolae_shop_back_alley_shop, hellmonk_ecumenical_altar_lost_god,
          corner_web_ring, nicolae_houndstooth_variations
D:2:      layout_rooms, minmay_pentomino_w2, uniq_jessica
D:3:      layout_basic
D:4:      layout_basic, minmay_temple_entry_tees,
          eino_small_chamber_without_monster, minmay_misc_feat_chi,
          chequers_serial_rivers_small_a, dk_noncrumbling_3, minivault_14
D:5:      layout_rooms, mainiacjoe_overflow_large_starburst, uniq_edmund
D:6:      layout_basic, mainiacjoe_overflow_alcove_4, uniq_duvessa
D:7:      layout_cave_pools, serial_shops, nicolae_shop_advertising_works
          [nicolae_subvault_shop_adworks], nicolae_shop_overgrown_old_shop,
          shop, nicolae_shop_tiny_real_fake_doors,
          corexii_item_surrounded_by_moat, minmay_lizard_king, uniq_maggie
D:8:      layout_basic, serial_shops, nicolae_shop_rolling_square,
          nicolae_stop_n_shop_1, shop, nicolae_shop_tiny_statue_garden,
          nicolae_shop_statue_plus, minmay_shattered_shrine
Temple:   sentei_temple_godly_chess

Notes
Turn   | Place    | Note
-------+----------+-------------------------------------------
     0 | D:1      | TieDyeSamurai the Merfolk Ice Elementalist began the quest
                  | for the Orb.
     0 | D:1      | Reached XP level 1. HP: 13/13 MP: 3/3
   165 | D:1      | Reached skill level 1 in Fighting
   243 | D:1      | Reached XP level 2. HP: 10/22 MP: 1/5
   246 | D:1      | HP: 1/22 [frozen (4)]
   252 | D:1      | Reached skill level 2 in Fighting
   713 | D:1      | Reached XP level 3. HP: 20/27 MP: 6/6
   799 | D:1      | Found a faded altar of an unknown god.
   801 | D:1      | Identified the +2 robe of Sunlight {rCorr Str+2}
  1139 | D:1      | Reached skill level 5 in Ice Magic
  1286 | D:1      | Found Cerghihe's Antique Armour Shop.
  1295 | D:1      | Learned a level 3 spell: Ozocubu's Armour
  1369 | D:2      | You fall into a shaft and drop 2 floors!
  1613 | D:2      | Reached XP level 4. HP: 33/33 MP: 7/7
  1954 | D:2      | Noticed Jessica
  1962 | D:2      | Killed Jessica
  1963 | D:2      | Reached skill level 6 in Ice Magic
  2798 | D:3      | Reached XP level 5. HP: 38/38 MP: 8/8
  2989 | D:3      | Learned a level 3 spell: Frozen Ramparts
  3313 | D:4      | Found a staircase to the Ecumenical Temple.
  3322 | D:4      | Reached skill level 1 in Shapeshifting
  3385 | Temple   | Entered the Ecumenical Temple
  3390 | Temple   | Became a worshipper of Gozag Ym Sagoz the Greedy
  3417 | D:4      | Reached skill level 1 in Unarmed Combat
  3516 | D:4      | Reached skill level 7 in Ice Magic
  3516 | D:4      | Reached XP level 6. HP: 42/44 MP: 9/9
  3670 | D:4      | Reached skill level 2 in Shapeshifting
  3942 | D:4      | Reached skill level 2 in Unarmed Combat
  4241 | D:5      | Entered Level 5 of the Dungeon
  4441 | D:5      | Found a white marble altar of Elyvilon.
  4444 | D:5      | Noticed Edmund
  4461 | D:5      | Killed Edmund
  4462 | D:5      | Reached skill level 3 in Unarmed Combat
  4462 | D:5      | Reached skill level 3 in Shapeshifting
  4462 | D:5      | Reached XP level 7. HP: 50/50 MP: 10/10
  4524 | D:5      | Found a burning altar of Makhleb.
  5075 | D:6      | Reached skill level 3 in Dodging
  5090 | D:6      | Learned a level 3 spell: Summon Ice Beast
  5132 | D:6      | Reached skill level 4 in Dodging
  5157 | D:6      | Reached skill level 4 in Shapeshifting
  5263 | D:6      | Noticed Dowan
  5273 | D:6      | Reached skill level 1 in Summonings
  5273 | D:6      | Reached skill level 8 in Ice Magic
  5273 | D:6      | Reached XP level 8. HP: 56/56 MP: 11/11
  5281 | D:6      | Killed Dowan
  5282 | D:6      | Reached skill level 4 in Unarmed Combat
  5291 | D:6      | Noticed Duvessa
  5303 | D:6      | Killed Duvessa
  5304 | D:6      | Reached skill level 2 in Summonings
  5304 | D:6      | Reached skill level 5 in Shapeshifting
  5414 | D:6      | Reached skill level 6 in Shapeshifting
  5551 | D:6      | Reached skill level 7 in Shapeshifting
  5823 | D:6      | Found a broken altar of Ashenzari.
  6065 | D:6      | Reached skill level 3 in Fighting
  6230 | D:6      | Reached skill level 5 in Unarmed Combat
  6583 | D:7      | Reached skill level 4 in Fighting
  6583 | D:7      | Reached XP level 9. HP: 63/65 MP: 11/12
  6733 | D:7      | Noticed a komodo dragon
  6741 | D:7      | Reached skill level 6 in Unarmed Combat
  6746 | D:7      | Killed a komodo dragon
  6747 | D:7      | Reached skill level 5 in Fighting
  7059 | D:7      | Found Fidya's Magic Scroll Shoppe.
  7078 | D:7      | Reached skill level 6 in Fighting
  7078 | D:7      | Reached skill level 7 in Unarmed Combat
  7176 | D:7      | Reached skill level 7 in Fighting
  7252 | D:7      | Bought a scroll of identify for 28 gold pieces
  7252 | D:7      | Bought a scroll of identify for 28 gold pieces
  7252 | D:7      | Bought a scroll of fog for 56 gold pieces
  7252 | D:7      | Bought a scroll of identify for 28 gold pieces
  7252 | D:7      | Bought a scroll of summoning for 133 gold pieces
  7252 | D:7      | Bought a scroll of identify for 28 gold pieces
  7252 | D:7      | Bought a scroll of vulnerability for 56 gold pieces
  7252 | D:7      | Bought a scroll of identify for 28 gold pieces
  7257 | D:7      | Identified a potion of resistance
  7272 | D:7      | Identified the flux talisman of the Old World {rF+ rN+}
  7355 | D:7      | Noticed Maggie
  7368 | D:7      | Killed Maggie
  7369 | D:7      | Reached skill level 9 in Ice Magic
  7369 | D:7      | Reached XP level 10. HP: 78/79 MP: 13/13
  7421 | D:7      | Found Etizup's Armour Shop.
  7431 | D:7      | Found Demar Ocel's Assorted Antiques.
  7442 | D:7      | Bought a bubbling yellow potion for 26 gold pieces
  7610 | D:7      | Found Vooxok's General Store.
  7789 | D:8      | Reached skill level 3 in Stealth
  7997 | D:8      | Found Jovukin's Magic Scroll Emporium.
  8005 | D:8      | Bought a scroll of identify for 26 gold pieces
  8005 | D:8      | Bought a scroll of identify for 26 gold pieces
  8005 | D:8      | Bought a scroll of teleportation for 39 gold pieces
  8045 | D:8      | Found Toc Nidghym's Distillery.
  8056 | D:8      | Bought a potion of mutation for 88 gold pieces
  8112 | D:8      | Reached skill level 5 in Dodging
  8137 | D:8      | Noticed a catoblepas
  8144 | D:8      | Killed a catoblepas
  8160 | D:8      | Reached skill level 8 in Shapeshifting
  8293 | D:8      | Reached skill level 8 in Fighting
  8299 | D:8      | Reached skill level 6 in Dodging
  8307 | D:8      | Reached skill level 8 in Unarmed Combat
  8513 | D:8      | Noticed a skeletal warrior
  8513 | D:8      | Noticed a cyclops
  8532 | D:8      | Killed a cyclops
  8533 | D:8      | Reached skill level 7 in Dodging
  8539 | D:8      | Slain by a skeletal warrior

Vanquished Creatures
  A cyclops (D:8)
  Maggie (D:7)
  A komodo dragon (D:7)
  A wraith (D:8)
  A steam dragon (D:8)
  An acid dragon (D:8)
  Edmund (D:5)
  2 water moccasins (D:6)
  Duvessa (D:6)
  4 orc warriors
  3 ice beasts
  A sky beast (D:8)
  A centaur (D:8)
  A phantom (D:5)
  2 kobold brigands
  A gnoll sergeant (D:7)
  4 scorpions
  3 bullfrogs
  2 wights (D:7)
  A howler monkey (D:8)
  3 bombardier beetles
  2 jellies
  2 orc priests (D:8)
  3 gnoll boudas
  4 hounds
  A sleepcap (D:6)
  Jessica (D:2)
  2 orc wizards
  5 iguanas
  8 adders
  10 gnolls
  3 shadow imps
  3 white imps
  5 dart slugs
  A ribbon worm (D:3)
  18 orcs
  7 ball pythons
  A bat (D:1)
  6 endoplasms
  3 giant cockroaches
  11 goblins
  10 hobgoblins
  3 jackals (D:1)
  2 quokkas (D:1)
  7 frilled lizards
  13 kobolds
  5 rats
172 creatures vanquished.

Vanquished Creatures (collateral kills)
  A catoblepas (D:8)
  A water moccasin (D:7)
  A centaur (D:6)
  3 wights (D:7)
  Dowan (D:6)
  2 iguanas (D:7)
  7 gnolls (D:7)
  A white imp (D:6)
  An orc (D:8)
  A kobold (D:8)
  A frilled lizard (D:7)
20 creatures vanquished.

Grand Total: 192 creatures vanquished

Table legend: (Time is in decaauts)
 A = Elapsed time spent in this place.
 B = Non-inter-level travel time spent in this place.
 C = Inter-level travel time spent in this place.
 D = Time resting spent in this place.
 E = Time spent auto-exploring this place.
 F = Levels seen in this place.
 G = Mean time per level.
                   A        B        C        D        E       F      G
               +--------+--------+--------+--------+--------+-----+--------+
         Total |   8532 |   8284 |    248 |   1244 |   5360 |   9 |  948.0 |
       Dungeon |   8523 |   8277 |    246 |   1244 |   5360 |   8 | 1065.4 |
        Temple |      8 |      6 |      2 |      0 |      0 |   1 |    8.0 |
               +--------+--------+--------+--------+--------+-----+--------+

Top non-repeatable levels by time:
     D:6: 1510 daAuts
     D:1: 1312 daAuts
     D:4: 1218 daAuts
     D:7: 1096 daAuts
     D:3: 1025 daAuts
     D:8: 863 daAuts
     D:5: 834 daAuts
     D:2: 661 daAuts
  Temple: 8 daAuts

Table legend:
 A = Non-vault XP
 B = Vault XP
 C = Vault XP percentage of total XP
 D = Non-vault monster count
 E = Vault monster count
 F = Vault count percentage of total count
                 A         B        C        D         E       F
            +---------+---------+-------+---------+---------+-------
      Total |    4358 |    3511 |  44.6 |     172 |      20 |  10.4
            +---------+---------+-------+---------+---------+-------
        D:1 |      48 |       0 |   0.0 |      27 |       0 |   0.0
        D:2 |      40 |      37 |  48.1 |      15 |       1 |   6.2
        D:3 |      97 |       0 |   0.0 |      20 |       0 |   0.0
        D:4 |     307 |       0 |   0.0 |      18 |       0 |   0.0
        D:5 |     251 |     162 |  39.2 |      12 |       1 |   7.7
        D:6 |    1175 |     211 |  15.2 |      22 |       2 |   8.3
        D:7 |    1594 |     936 |  37.0 |      34 |       7 |  17.1
        D:8 |     846 |    2165 |  71.9 |      24 |       9 |  27.3
            +---------+---------+-------+---------+---------+-------
